cohdb
Replays
Latest Replays
All Replays
Popular Replays
Top Player Replays
Match Explorer
How It Works
Community
CoH3 Stats
Reddit
Sign in to upload your games and track your stats! →
Sign in with Steam
Match 35023465
Unlisted
Match 35023465
Overview
Messages
Build Orders
End
Construct Infanterie Kompanie
Selects Breakthrough Battlegroup
Selects Assault Grenadiers
Grenadier Squad
Grenadier Squad
MG 42 Machine Gun Team
GrW 34 Mortar Team
Construct Panzergrenadier Kompanie
251 Medium Carrier
Panzergrenadier Squad
Selects 2.5-tonne Cargo Truck
2.5-tonne Cargo Truck
Construct Panzer Kompanie
Panzer IV Medium Tank
Kettenkrad Recon Vehicle
Pioneer Squad
Panzer IV Medium Tank
Panzer Officer Quarters
Selects Blitzkrieg
Blitzkrieg
Panzer IV Medium Tank
Sturmpanzer IV Brummbär
Side Skirts
Selects Tiger Heavy Tank
Kettenkrad Recon Vehicle
Tiger Heavy Tank
Blitzkrieg
Support Elements
Pioneer Squad
Ω ℧ X Y Z
Boneless
Ѧℓρɦɚ
Dahlian
Luce
Mace
0
0
Comments
sign in to comment!
No comments posted yet!